 Dungeon Crawl Stone Soup version 0.28.0-45-g0d030f2227 (webtiles) character file.

Game seed: 1037596982032794242

280 101zpm the Covered (level 6, -1/38 HPs)
             Began as a Gargoyle Fighter on Apr 10, 2022.
             Slain by a centaur zombie (2 damage)
             ... in an ossuary.
             The game lasted 00:06:36 (3812 turns).

101zpm the Covered (Gargoyle Fighter)               Turns: 3812, Time: 00:06:36

Health: -1/38      AC: 11    Str: 21    XL:     6   Next: 27%
Magic:  6/6        EV:  9    Int:  9    God:
Gold:   109        SH:  4    Dex:  9    Spells: 5/5 levels left

rFire   . . .      SeeInvis .   g - +2 short sword (holy)
rCold   . . .      Faith    .   c - +0 buckler
rNeg    + . .      Spirit   .   b - +0 scale mail
rPois   ∞          Reflect  .   (no helmet)
rElec   +          Harm     .   (no cloak)
rCorr   .          Rampage  .   (no gloves)
Will    .....                   (no boots)
Stlth   ..........              (no amulet)
HPRegen 0.12/turn               (no ring)
MPRegen 0.10/turn               (no ring)

@: mighty, marked
A: sickness immunity, AC +4, negative energy resistance 1, electricity
resistance, torment resistance 1, petrification resistance
a: no special abilities


You were in an ossuary.
You visited 1 branch of the dungeon, and saw 5 of its levels.
You also visited: Ossuary.

You collected 109 gold pieces.

Inventory:

Hand Weapons
 a - a +0 flail
 g - a +2 short sword of holy wrath (weapon)
Missiles
 e - 25 arrows
 l - 79 stones (quivered)
 s - 8 poisoned darts
 t - 41 bolts
Armour
 b - a +0 scale mail (worn)
 c - a +0 buckler (worn)
Jewellery
 y - a ring of flight
Scrolls
 f - a scroll of blinking {unknown}
 i - a scroll of immolation {unknown}
 j - a scroll of fear {unknown}
 k - a scroll of identify {unknown}
 m - a scroll of vulnerability {unknown}
 n - 2 scrolls of enchant weapon
 p - a scroll of amnesia {unknown}
 q - 2 scrolls of magic mapping {unknown}
 x - a scroll of acquirement {unknown}
Potions
 h - a potion of heal wounds {unknown}
 o - a potion of lignification {unknown}
 r - a potion of attraction {unknown}
 u - a potion of berserk rage {unknown}
 v - a potion of curing {unknown}
 w - a potion of degeneration {unknown}


   Skills:
 + Level 4.1 Fighting
 + Level 4.3 Maces & Flails
 + Level 4.4 Armour
 + Level 0.7 Dodging
 + Level 4.4 Shields


You had 5 spell levels left.
You didn't know any spells.
Your spell library contained the following spells:

 Spells                   Type           Power      Damage    Failure   Level
 Animate Skeleton         Necr           0%         N/A       80%         1
 Apportation              Tloc           0%         N/A       80%         1
 Magic Dart               Conj           0%         1d3       80%         1
 Summon Small Mammal      Summ           0%         N/A       80%         1
 Call Imp                 Summ           0%         N/A       91%         2
 Call Canine Familiar     Summ           0%         N/A       99%         3
 Ignite Poison            Fire/Tmut/Pois 0%         N/A       99%         3
 Mephitic Cloud           Conj/Pois/Air  0%         N/A       99%         3
 Portal Projectile        Hex/Tloc       0%         N/A       99%         3
 Leda's Liquefaction      Hex/Erth       0%         N/A       100%        4
 Freezing Cloud           Conj/Ice/Air   0%         6-21      100%        5


Dungeon Overview and Level Annotations

Branches:
Dungeon (5/15)            Ossuary (1/1)
 Temple: D:4-7

Altars:

Annotations:
D:4 Blork the orc


Innate Abilities, Weirdness & Mutations

You are immune to sickness and miasma.
Your stone body is resilient. (AC +4)
You are immune to poison.
You resist negative energy. (rN+)
You are resistant to electric shocks. (rElec)
You are resistant to unholy torment.
You are immune to petrification.


Message History

You block the centaur zombie's attack.
The centaur zombie hits you but does no damage.
The centaur zombie kicks you but does no damage.
You puncture the centaur zombie!
The centaur zombie convulses.
The centaur zombie is severely damaged.
You block the centaur zombie's attack.
The centaur zombie kicks you but does no damage.
The centaur zombie hits you but does no damage.
The centaur zombie misses you. The centaur zombie hits you.
* * * LOW HITPOINT WARNING * * *
The centaur zombie kicks you but does no damage.
You block the hobgoblin zombie's attack.
The hobgoblin zombie hits you but does no damage.
The centaur zombie hits you.
* * * LOW HITPOINT WARNING * * *
The centaur zombie barely misses you. The centaur zombie hits you.
* * * LOW HITPOINT WARNING * * *
The centaur zombie completely misses you.
A centaur zombie and a hobgoblin zombie come into view.
The hobgoblin zombie hits you but does no damage.
The centaur zombie hits you but does no damage.
You block the centaur zombie's attack.
The hobgoblin zombie sets off the alarm!
The alarm trap emits a blaring wail!
A sentinel's mark forms upon you.
The hobgoblin zombie closely misses you.
The centaur zombie hits you but does no damage.
The centaur zombie closely misses you.
The centaur zombie hits you but does no damage.
The centaur zombie kicks you.
* * * LOW HITPOINT WARNING * * *
The centaur zombie fails to trigger a net trap.
The centaur zombie hits you but does no damage.
You block the centaur zombie's attack.
The centaur zombie hits you but does no damage.
You block the centaur zombie's attack. The centaur zombie hits you.
* * * LOW HITPOINT WARNING * * *
The centaur zombie kicks you but does no damage.
The centaur zombie hits you.
You die...

...^^..#
##.....##
#...^...#
##....Z##
#..^..^.#
##....Z##
#..^..M.#
##..ZZZ##
#..^MZ@.#
##^..^^##
#.....^.#
##.....##
#.....#
#.....#
#..∩..#
#.....#
#..∩..#


You could see 2 mummies, 2 hobgoblin zombies and 4 centaur zombies.

Vanquished Creatures
  A centaur skeleton (D:4)
  2 centaur zombies (Ossuary)
  A hound (D:4)
  A jelly (D:4)
  A mummy (Ossuary)
  A gnoll (D:1)
  An adder skeleton (D:4)
  A worm (D:2)
  3 dart slugs (D:1)
  9 orcs
  3 bats
  5 endoplasms
  A giant cockroach (D:3)
  5 goblins
  8 hobgoblins
  6 jackals
  10 kobolds
  6 quokkas
  9 ball pythons
  3 frilled lizards
  5 rats
82 creatures vanquished.

Notes
Turn   | Place    | Note
-------+----------+-------------------------------------------
     0 | D:1      | 101zpm the Gargoyle Fighter began the quest for the Orb.
     0 | D:1      | Reached XP level 1. HP: 14/14 MP: 1/1
   129 | D:1      | Reached XP level 2. HP: 4/19 MP: 2/2
   629 | D:1      | Reached XP level 3. HP: 23/23 MP: 3/3
  1096 | D:2      | Reached XP level 4. HP: 21/28 MP: 4/4
  1455 | D:2      | You fall into a shaft and drop 1 floor!
  1987 | D:3      | Found a faded altar of an unknown god.
  2735 | D:4      | Noticed Blork the orc
  3082 | D:4      | Reached XP level 5. HP: 26/33 MP: 5/5
  3743 | D:5      | Entered Level 5 of the Dungeon
  3755 | D:5      | Found a sand-covered staircase.
  3765 | Ossuary  | Entered an ossuary
  3802 | Ossuary  | Reached XP level 6. HP: 11/38 MP: 6/6
  3812 | Ossuary  | HP: 1/38 [centaur zombie (1)]
  3812 | Ossuary  | Slain by a centaur zombie

Illustrated notes

Levels and vault maps discovered:
D:1:      minmay_arrival_diagonal_passages, layout_rooms
D:2:      layout_basic
D:3:      layout_loops_ring, chequers_ecumenical_altar_simple_redux
D:4:      layout_basic, uniq_blork_the_orc
D:5:      layout_basic, amethyst_overflow_temple_binary, enter_ossuary_4,
          uniq_pikel
Ossuary:  ossuary_the_hunt_dpeg

Skill      XL: |  1  2  3  4  5 |
---------------+----------------+-----
Maces & Flails | 3 4 |  4.3
Armour         | 4 |  4.4
Shields        | 4 |  4.4
Fighting       | 4 |  4.1
Dodging        | |  0.7

Action                   |  1- 3 |  4- 6 || total
-------------------------+-------+-------++-------
Melee: Flail             |   117 |   170 ||   287
       Short sword       |       |    12 ||    12
Throw: Stone             |       |     1 ||     1
  Use: Scroll            |       |     1 ||     1
       Potion            |       |     1 ||     1
Armor: Scale mail        |    81 |   156 ||   237
Dodge: Dodged            |    84 |   126 ||   210
Block: Buckler           |    33 |    65 ||    98
